 Dungeon Crawl Stone Soup version 0.16-b1 (console) character file.

20 mauris the Vexing (level 2, -5/24 HPs)
             Began as a Hill Orc Arcane Marksman on Mar 14, 2015.
             Slain by Terence
             ... wielding a +0 short sword
              (7 damage)
             ... on level 1 of the Dungeon.
             The game lasted 00:02:00 (1200 turns).

mauris the Vexing (Hill Orc Arcane Marksman)        Turns: 1200, Time: 00:02:00

Health: -5/24      AC:  2    Str: 13    XL:     2   Next: 79%
Magic:  3/3        EV: 12    Int: 13    God:
Gold:   29         SH:  0    Dex: 10    Spells: 1 memorised, 2 levels left

rFire  + . .     SeeInvis .     h - +3 dagger
rCold  . . .     Clarity  .     a - +0 robe {2}
rNeg   . . .     SustAb   .     (no shield)
rPois  .         Gourm    .     (no helmet)
rElec  .         Spirit   .     (no cloak)
rCorr  .         Warding  .     (no gloves)
rMut   .         Stasis   .     (no boots)
MR     .....                    (no amulet)
Stlth  +.........               (no ring)
                                j - ring of protection from fire

@: very slightly contaminated, invisible, not resistant to hostile enchantments,
very unstealthy
A: no striking features
a: no special abilities


You were on level 1 of the Dungeon.
You were not hungry.

You visited 1 branch of the dungeon, and saw 2 of its levels.

You collected 29 gold pieces.

Inventory:

Hand weapons
 b - a +0 dagger
 h - a +3 dagger (weapon)
Armour
 a - a +0 robe (worn) {2}
Jewellery
 j - a ring of protection from fire (left hand)
Scrolls
 g - a scroll of identify {@r1}
 i - 2 scrolls of remove curse
Potions
 e - a potion of invisibility
 m - 2 potions of brilliance
Books
 d - a book of Debilitation

   Spells                             Type                      Level
   a - Corona                         Hexes                        1
   b - Slow                           Hexes                        2
   c - Inner Flame                    Hexes/Fire                   3
   d - Enslavement                    Hexes                        4
   e - Cause Fear                     Hexes                        4
   f - Leda's Liquefaction            Hexes/Earth                  4
Comestibles
 f - a meat ration


   Skills:
 + Level 2.3 Fighting
 - Level 2.0 Throwing
 + Level 1.8 Armour
 - Level 1.5 Dodging
 - Level 1.0 Spellcasting
 - Level 3.0 Hexes


You had 2 spell levels left.
You knew the following spells:

 Your Spells              Type           Power        Failure   Level  Hunger
a - Corona                Hex            #......      10%         1    ##.....


Dungeon Overview and Level Annotations

Branches:
Dungeon (2/15)

Altars:

Annotations:
D:2 Terence


Message History

a dagger; a kobold corpse The kobold throws a stone.
The stone closely misses you.
You see here a stone.
There is a stone staircase leading up here.
Something hits you.
* * * LOW HITPOINT WARNING * * *
You climb upwards.
There is a stone staircase leading down here.
Huge Dmg: -25%(-6hp) hp: 21%(5hp) Unknown command.
Something hits you.
* * * LOW HITPOINT WARNING * * *
Huge Dmg: -16%(-4hp) hp: 5%(1hp) Drink which item? (? for menu, Esc to quit)
It was a potion of invisibility.
You fade into invisibility!
You are very lightly contaminated with residual magic.
Drink which item? (? for menu, Esc to quit)
It was a potion of restore abilities.
You feel refreshed. Something hits you!
You die...

###............#
........#####.####
........# #.#..#
###.....#####.#..#
..............#..#
....###...#...#..#
....#.#.......#..#
....#......##.#..#
.#..#.......#...@#
................>#
...........##..###
.#########..#...#
##.......##..#..#
#.#######.##....#
.##.....##.##...#
##.#####.##.#...#
#.##...##.#.#...#


There were no monsters in sight!

Vanquished Creatures
  2 bats (D:1)
  2 giant cockroaches (D:1)
  4 goblins
  4 hobgoblins
  2 kobolds (D:2)
  3 rats (D:1)
17 creatures vanquished.

Notes
Turn   | Place    | Note
--------------------------------------------------------------
     0 | D:1      | mauris, the Hill Orc Arcane Marksman, began the quest for the Orb.
     0 | D:1      | Reached XP level 1. HP: 16/16 MP: 2/2
    80 | D:1      | Huge Dmg: 4 dmg
   272 | D:1      | Huge Dmg: 2 dmg
   275 | D:1      | Reached skill level 1 in Armour
   275 | D:1      | Reached XP level 2. HP: 8/24 MP: 3/3
   906 | D:2      | Huge Dmg: 6 dmg
   909 | D:2      | Huge Dmg: 5 dmg
   911 | D:2      | Huge Dmg: 7 dmg
  1178 | D:2      | Noticed Terence
  1183 | D:2      | Huge Dmg: 3 dmg
  1198 | D:1      | Huge Dmg: 6 dmg
  1198 | D:1      | HP: 1/24 [something (4)]
  1199 | D:1      | Huge Dmg: 4 dmg
  1200 | D:1      | Slain by Terence

Action                   || total
-------------------------++-------
Melee: Unarmed           ||    77
       Dagger            ||    18
Throw: Javelin           ||    26
       Throwing net      ||     9
  Use: Scroll            ||     4
       Potion            ||     2
 Stab: Held in net/web   ||     4
  Eat: Chunk             ||     1

Vault maps used:
D:1:      evilmike_arrival_rings, minmay_misc_feat_chi
D:2:      first_bread, hangedman_decor_peaks_small, kennysheep_pointless_box,
          kennysheep_generic_room_10, uniq_robin, uniq_terence
